Workbook

Sheet February 2016
A1: Check Number | C1: Check Date | D1: Vendor Name | F1: Transaction Amount | R1: Description | S1: Account Name | T1: Department | U1: Division | V1: Object of Expenditure | W1: Project Number
A2: 431905 | C2: 42402 | D2: BOB TOMES FORD | F2: 709.64 | R2: BLANKET PURCHASE ORDER | S2: AUTO MAINTENANCE | T2: EQUIPMENT SERVICES | U2: EQUIP SERV-SHARED | V2: BLANKET PURCHASE ORDER
A3: 432333 | C3: 42409 | F3: 388.45 | R3: BLANKET PURCHASE ORDER | S3: AUTO MAINTENANCE | T3: EQUIPMENT SERVICES | U3: EQUIP SERV-SHARED | V3: BLANKET PURCHASE ORDER
A4: 432727 | C4: 42416 | F4: 547.6 | R4: BLANKET PURCHASE ORDER | S4: AUTO MAINTENANCE | T4: EQUIPMENT SERVICES | U4: EQUIP SERV-SHARED | V4: BLANKET PURCHASE ORDER
F5: -95.4 | R5: INV# 5466410 | S5: AUTO MAINTENANCE | T5: EQUIPMENT SERVICES | U5: EQUIP SERV-SHARED | V5: INV# 5466410
F6: 95.4 | R6: INV# 5466464 | S6: AUTO MAINTENANCE | T6: EQUIPMENT SERVICES | U6: EQUIP SERV-SHARED | V6: INV# 5466464
K8: =SUM(F2:Q6) -> 1645.69
A10: 431906 | C10: 42402 | D10: BOB BARKER COMPANY, INC | F10: 309.6 | R10: LAUNDRY TEXTILES/SUPPLIES | S10: DETENTION SUPPLIES | T10: SHERIFF'S OFFICE | U10: JAIL OPS-ADMIN | V10: LAUNDRY TEXTILES/SUPPLIES
M12: =SUM(hList_Frame_1!B20:B20) -> 309.6
A14: 431907 | C14: 42402 | D14: ECOLAB INC | F14: 412.8 | R14: GERMICIDES-HOSP./SANITARY | S14: ANIMAL CARE | T14: ANIMAL SHELTER | U14: ANIMAL SHELTER-ADMIN | V14: GERMICIDES-HOSP./SANITARY
A15: 432728 | C15: 42416 | F15: 2914.5 | R15: JANITORIAL SUPPLIES-GEN. | S15: DETENTION SUPPLIES | T15: SHERIFF'S OFFICE | U15: JAIL OPS-ADMIN | V15: JANITORIAL SUPPLIES-GEN.
F16: 472 | R16: LAUNDRY/DRY CLEAN SUPPLY | S16: DETENTION SUPPLIES | T16: SHERIFF'S OFFICE | U16: JAIL OPS-ADMIN | V16: LAUNDRY/DRY CLEAN SUPPLY
K18: =SUM(hList_Frame_1!B21:B23) -> 3799.3
A20: 432334 | C20: 42409 | D20: MCKINNEY TIRE & APPLIANCE | F20: 3887 | R20: APPLIANCES/EQUIP. & PARTS | S20: ONE-TIME BUDGET NON-CAP | T20: UNALLOCATED | U20: CAPITAL REPLACEMENT | V20: APPLIANCES/EQUIP. & PARTS
U21: NON-DEPARTMENTAL
A22: 432729 | C22: 42416 | F22: 158.5 | R22: CAFETERIA/KITCHEN EQUIP. | S22: ONE-TIME BUDGET NON-CAP | T22: UNALLOCATED | U22: CAPITAL REPLACEMENT | V22: CAFETERIA/KITCHEN EQUIP.
K24: =SUM(F20:Q22) -> 4045.5
A26: 431908 | C26: 42402 | D26: MCKINNEY OFFICE SUPPLY | F26: 391.92 | R26: OFFICE SUPPLIES (GENERAL) | S26: OFFICE SUPPLIES | T26: INFORMATION TECHNOLOGY | U26: GIS-ADMIN | V26: OFFICE SUPPLIES (GENERAL)
M28: =SUM(hList_Frame_1!B30:B30) -> 391.92
A30: 432730 | C30: 42416 | D30: MATTHEW BENDER & CO INC | F30: 90.98 | R30: PUBLICATIONS/AUDIOVISUALS | S30: PATROL SUPPLIES | T30: SHERIFF'S OFFICE | U30: SO-ADMIN | V30: PUBLICATIONS/AUDIOVISUALS
O32: =SUM(hList_Frame_1!B31:B31) -> 90.98
A34: 431909 | C34: 42402 | D34: GIBBS, GREGG M PC | F34: 1250 | R34: 416-30011-15 | S34: COURT APPOINTED ATTORNEY | T34: COURT APPT REPRESENTATION | U34: COURT APPT REPRESENTATION | V34: 416-30011-15 | W34: ID416A
S35: MEDIATOR COSTS | T35: DISTRICT COURTS | U35: DIST CT-SHARED | W35: 416MC
K37: =SUM(hList_Frame_1!B32:B33) -> 1250
A39: 432731 | C39: 42416 | D39: HEIDENHEIMER, MARK | F39: 450 | R39: 001-84697-15 | S39: COURT APPOINTED ATTORNEY | T39: COURT APPT REPRESENTATION | U39: COURT APPT REPRESENTATION | V39: 001-84697-15 | W39: IDCL1M
F40: 550 | R40: 003-80658-16 | S40: COURT APPOINTED ATTORNEY | T40: COURT APPT REPRESENTATION | U40: COURT APPT REPRESENTATION | V40: 003-80658-16 | W40: IDCL3M
K42: =SUM(hList_Frame_1!B34:B35) -> 1000
A44: 432732 | C44: 42416 | D44: PENGAD INC | F44: 30.3 | R44: OFFICE SUPPLIES (GENERAL) | S44: OFFICE SUPPLIES | T44: DISTRICT COURTS | U44: 429TH DC-ADMIN | V44: OFFICE SUPPLIES (GENERAL)
O46: =SUM(hList_Frame_1!B36:B36) -> 30.3
A48: 432335 | C48: 42409 | D48: THOMASON TIRE INC | F48: 280 | R48: BLANKET PURCHASE ORDER | S48: HEAVY EQUIPMENT REPAIR | T48: EQUIPMENT SERVICES | U48: EQUIP SERV-SHARED | V48: BLANKET PURCHASE ORDER
M51: =SUM(hList_Frame_1!B37:B38) -> 280
A53: 431910 | C53: 42402 | D53: WEST PUBLISHING CORPORATION | F53: 153 | R53: MISC PROFESSIONAL SERVICE | S53: LIBRARY BOOKS | T53: BUDGET | U53: LAW LIBRARY-ADMIN | V53: MISC PROFESSIONAL SERVICE
A54: 432336 | C54: 42409 | F54: 957 | R54: PUBLICATIONS/AUDIOVISUALS | S54: DUES & SUBSCRIPTIONS | T54: UNALLOCATED | U54: NON-DEPARTMENTAL | V54: PUBLICATIONS/AUDIOVISUALS
S55: LIBRARY BOOKS | T55: COUNTY COURTS | U55: CCL1-ADMIN
A56: 432733 | C56: 42416 | F56: 3091.04 | R56: BLANKET PURCHASE ORDER | S56: LIBRARY BOOKS | T56: DISTRICT ATTORNEY | U56: DA-ADMIN | V56: BLANKET PURCHASE ORDER
F57: 126 | R57: PUBLICATIONS/AUDIOVISUALS | S57: DUES & SUBSCRIPTIONS | T57: UNALLOCATED | U57: NON-DEPARTMENTAL | V57: PUBLICATIONS/AUDIOVISUALS
S58: LIBRARY BOOKS | T58: COUNTY COURTS | U58: CCL4-ADMIN
A59: 432734 | C59: 42416 | F59: 4988.24 | R59: BLANKET PURCHASE ORDER | S59: COMMUNICATION LINE LEASE | T59: BUDGET | U59: LAW LIBRARY-ADMIN | V59: BLANKET PURCHASE ORDER
K61: =SUM(F53:Q59) -> 9315.28
A63: 431911 | C63: 42402 | D63: PLANO POWER EQUIPMENT | F63: 8.8 | R63: BLANKET PURCHASE ORDER | S63: GROUNDS EQUIPMENT MAINT | T63: EQUIPMENT SERVICES | U63: EQUIP SERV-SHARED | V63: BLANKET PURCHASE ORDER
A64: 432735 | C64: 42416 | F64: 41.19 | R64: BLANKET PURCHASE ORDER | S64: HEAVY EQUIPMENT REPAIR | T64: EQUIPMENT SERVICES | U64: EQUIP SERV-SHARED | V64: BLANKET PURCHASE ORDER
O66: =SUM(hList_Frame_1!B47:B48) -> 49.99
A68: 431912 | C68: 42402 | D68: GEBO CREDIT CORPORATION | F68: 117.98 | R68: BLANKET PURCHASE ORDER | S68: GROUNDS EQUIPMENT MAINT | T68: EQUIPMENT SERVICES | U68: EQUIP SERV-SHARED | V68: BLANKET PURCHASE ORDER
F69: 99.97 | R69: SHOES AND BOOTS | S69: UNIFORMS | T69: EQUIPMENT SERVICES | U69: EQUIP SERV-ADMIN | V69: SHOES AND BOOTS
A70: 432337 | C70: 42409 | F70: 160.28 | R70: BLANKET PURCHASE ORDER | S70: AUTO MAINTENANCE | T70: EQUIPMENT SERVICES | U70: EQUIP SERV-SHARED | V70: BLANKET PURCHASE ORDER
S71: HEAVY EQUIPMENT REPAIR | T71: EQUIPMENT SERVICES | U71: EQUIP SERV-SHARED
S72: ROAD SUPPLIES | T72: PUBLIC WORKS | U72: R&B - ADMIN
A73: 432736 | C73: 42416 | F73: 24.99 | R73: BLANKET PURCHASE ORDER | S73: AUTO MAINTENANCE | T73: EQUIPMENT SERVICES | U73: EQUIP SERV-SHARED | V73: BLANKET PURCHASE ORDER
M75: =SUM(hList_Frame_1!B49:B54) -> 403.22
A77: 431913 | C77: 42402 | D77: BEN E KEITH DFW | F77: 2909.57 | R77: EDIBLE FOODS, STAPLE | S77: JAIL FOOD | V77: EDIBLE FOODS, STAPLE
S78: MINIMUM SECURITY FOOD
F79: 1131.15 | R79: FOODS, PERISHABLE | S79: JAIL FOOD | V79: FOODS, PERISHABLE
S80: MINIMUM SECURITY FOOD
F81: 923.99 | R81: FOODS, READY-TO-EAT | S81: JAIL FOOD | V81: FOODS, READY-TO-EAT
S82: MINIMUM SECURITY FOOD
F83: 77.83 | R83: PAPER/PLASTIC, DISPOSABLE | S83: JAIL FOOD | V83: PAPER/PLASTIC, DISPOSABLE
A84: 432338 | C84: 42409 | F84: 3754.33 | R84: EDIBLE FOODS, STAPLE | S84: JAIL FOOD | V84: EDIBLE FOODS, STAPLE
S85: MINIMUM SECURITY FOOD
F86: 1457.04 | R86: FOODS, PERISHABLE | S86: JAIL FOOD | V86: FOODS, PERISHABLE
S87: MINIMUM SECURITY FOOD
F88: 547.75 | R88: FOODS, READY-TO-EAT | S88: JAIL FOOD | V88: FOODS, READY-TO-EAT
S89: MINIMUM SECURITY FOOD
A90: 432737 | C90: 42416 | F90: 3687.75 | R90: EDIBLE FOODS, STAPLE | S90: JAIL FOOD | V90: EDIBLE FOODS, STAPLE
S91: MINIMUM SECURITY FOOD
F92: 1506.36 | R92: FOODS, PERISHABLE | S92: JAIL FOOD | V92: FOODS, PERISHABLE
S93: MINIMUM SECURITY FOOD
F94: 321.55 | R94: FOODS, READY-TO-EAT | S94: JAIL FOOD | V94: FOODS, READY-TO-EAT
S95: MINIMUM SECURITY FOOD
I97: =SUM(F77:Q95) -> 16317.32
A99: 431914 | C99: 42402 | D99: ROMCO EQUIPMENT CO | F99: 1364.82 | R99: EQUIP MAINT-AGRI/AUTO/IND | S99: AUTO & EQUIP GLASS CLAIMS | T99: HUMAN RESOURCES | U99: RISK MGMT - LIABILITY INS | V99: EQUIP MAINT-AGRI/AUTO/IND
K101: =SUM(hList_Frame_1!B74:B74) -> 1364.82
A103: 431915 | C103: 42402 | D103: ALFORD INSURANCE AGENCY | F103: 71 | R103: FINANCIAL/ACCOUNTANCY SER | S103: NOTARY BONDS | T103: UNALLOCATED | U103: NON-DEPARTMENTAL | V103: FINANCIAL/ACCOUNTANCY SER
A104: 432738 | C104: 42416 | F104: 284 | R104: FINANCIAL/ACCOUNTANCY SER | S104: NOTARY BONDS | T104: UNALLOCATED | U104: NON-DEPARTMENTAL | V104: FINANCIAL/ACCOUNTANCY SER
M106: =SUM(F103:Q104) -> 355
A108: 432712 | C108: 42416 | D108: POSTMASTER MCKINNEY | F108: 1332 | R108: yearly box rental | S108: POSTAGE | T108: BUDGET | U108: SUPPORT SERVICES - SHARED | V108: yearly box rental
K110: =SUM(hList_Frame_1!B80:B80) -> 1332
A112: 432739 | C112: 42416 | D112: C-C TROPHY & ENGRAVING INC | F112: 125.48 | R112: BADGES/IDENTIFICATION EQ. | S112: SERVICE AWARDS | T112: SHERIFF'S OFFICE | U112: SO-ADMIN | V112: BADGES/IDENTIFICATION EQ.
A113: 432740 | C113: 42416 | F113: 30.97 | R113: BADGES/IDENTIFICATION EQ. | S113: SERVICE AWARDS | T113: CSCD | U113: CSCD-BASIC SUPERVISION | V113: BADGES/IDENTIFICATION EQ. | W113: GT209E
M115: =SUM(hList_Frame_1!B81:B82) -> 156.45
A117: 432339 | C117: 42409 | D117: GUARDIAN POWER CLEANING | F117: 395 | R117: BUILDING MAINT. & REPAIR | S117: VENT-A-HOOD CERTIFICATION | T117: FACILITIES & PARKS | U117: BUILD SUP-SHARED | V117: BUILDING MAINT. & REPAIR | W117: Y01000
M119: =SUM(hList_Frame_1!B83:B83) -> 395
A121: 431916 | C121: 42402 | D121: MAY, JEFFRY | F121: 39.64 | R121: j may-mesquite, tx | S121: TRAVEL REIMBURSEMENT | T121: COUNTY AUDITOR | U121: AUDITOR - ADMIN | V121: j may-mesquite, tx
O123: =SUM(hList_Frame_1!B84:B84) -> 39.64
A125: 431921 | C125: 42402 | D125: OFFICE DEPOT | F125: 355.72 | R125: BLANKET PURCHASE ORDER | S125: OFFICE SUPPLIES | T125: TAX ASSESSOR/COLLECTOR | U125: TAX A/C - ADMIN | V125: BLANKET PURCHASE ORDER
F126: -28.99 | R126: INV #818367631001 | S126: OFFICE SUPPLIES | T126: DISTRICT ATTORNEY | U126: DA-ADMIN | V126: INV #818367631001
F127: 1880.8 | R127: IR:PRINTER/PLOTTER/ACCESS | S127: CENTRAL SUPPLY | V127: IR:PRINTER/PLOTTER/ACCESS
F128: 6940.65 | R128: OFFICE SUPPLIES (GENERAL) | S128: COMPUTER SUPPLIES | T128: BUDGET | U128: SUPPORT SERVICES - SHARED | V128: OFFICE SUPPLIES (GENERAL)
S129: COPIER SUPPLIES | T129: BUDGET | U129: SUPPORT SERVICES - SHARED
S130: OFFICE SUPPLIES | T130: ANIMAL SHELTER | U130: ANIMAL SHELTER-ADMIN
T132: CONSERVATION | U132: EXTENSION OFFICE - ADMIN
T133: COUNTY CLERK | U133: CCLC - COLLECTIONS
U134: CCLC-ADMIN
U135: COUNTY CLERK-ADMIN
T136: COUNTY COURTS | U136: CCL5-ADMIN
T137: DISTRICT ATTORNEY | U137: DA-ADMIN
T138: DISTRICT CLERK | U138: DIST CLERK-ADMIN
U139: PASSPORT
T140: DISTRICT COURTS | U140: 199TH DC-ADMIN
U141: 366TH DC-ADMIN
U142: 417TH DC-ADMIN
...

Sheet hList_Frame_1
A1: =IF(ISBLANK('February 2016'!A2),"",IF(ISTEXT('February 2016'!A2),0,'February 2016'!A2)) -> 431905 | B1: =IF(ISBLANK('February 2016'!F2),"",IF(ISTEXT('February 2016'!F2),0,'February 2016'!F2)) -> 709.64
A2: =IF(ISBLANK('February 2016'!#REF!),"",IF(ISTEXT('February 2016'!#REF!),0,'February 2016'!#REF!)) -> #REF! | B2: =IF(ISBLANK('February 2016'!#REF!),"",IF(ISTEXT('February 2016'!#REF!),0,'February 2016'!#REF!)) -> #REF!
A3: =IF(ISBLANK('February 2016'!#REF!),"",IF(ISTEXT('February 2016'!#REF!),0,'February 2016'!#REF!)) -> #REF! | B3: =IF(ISBLANK('February 2016'!#REF!),"",IF(ISTEXT('February 2016'!#REF!),0,'February 2016'!#REF!)) -> #REF!
A4: =IF(ISBLANK('February 2016'!#REF!),"",IF(ISTEXT('February 2016'!#REF!),0,'February 2016'!#REF!)) -> #REF! | B4: =IF(ISBLANK('February 2016'!#REF!),"",IF(ISTEXT('February 2016'!#REF!),0,'February 2016'!#REF!)) -> #REF!
A5: =IF(ISBLANK('February 2016'!#REF!),"",IF(ISTEXT('February 2016'!#REF!),0,'February 2016'!#REF!)) -> #REF! | B5: =IF(ISBLANK('February 2016'!#REF!),"",IF(ISTEXT('February 2016'!#REF!),0,'February 2016'!#REF!)) -> #REF!
A6: =IF(ISBLANK('February 2016'!#REF!),"",IF(ISTEXT('February 2016'!#REF!),0,'February 2016'!#REF!)) -> #REF! | B6: =IF(ISBLANK('February 2016'!#REF!),"",IF(ISTEXT('February 2016'!#REF!),0,'February 2016'!#REF!)) -> #REF!
A7: =IF(ISBLANK('February 2016'!A3),"",IF(ISTEXT('February 2016'!A3),0,'February 2016'!A3)) -> 432333 | B7: =IF(ISBLANK('February 2016'!F3),"",IF(ISTEXT('February 2016'!F3),0,'February 2016'!F3)) -> 388.45
A8: =IF(ISBLANK('February 2016'!#REF!),"",IF(ISTEXT('February 2016'!#REF!),0,'February 2016'!#REF!)) -> #REF! | B8: =IF(ISBLANK('February 2016'!#REF!),"",IF(ISTEXT('February 2016'!#REF!),0,'February 2016'!#REF!)) -> #REF!
A9: =IF(ISBLANK('February 2016'!#REF!),"",IF(ISTEXT('February 2016'!#REF!),0,'February 2016'!#REF!)) -> #REF! | B9: =IF(ISBLANK('February 2016'!#REF!),"",IF(ISTEXT('February 2016'!#REF!),0,'February 2016'!#REF!)) -> #REF!
A10: =IF(ISBLANK('February 2016'!#REF!),"",IF(ISTEXT('February 2016'!#REF!),0,'February 2016'!#REF!)) -> #REF! | B10: =IF(ISBLANK('February 2016'!#REF!),"",IF(ISTEXT('February 2016'!#REF!),0,'February 2016'!#REF!)) -> #REF!
A11: =IF(ISBLANK('February 2016'!A4),"",IF(ISTEXT('February 2016'!A4),0,'February 2016'!A4)) -> 432727 | B11: =IF(ISBLANK('February 2016'!F4),"",IF(ISTEXT('February 2016'!F4),0,'February 2016'!F4)) -> 547.6
A12: =IF(ISBLANK('February 2016'!#REF!),"",IF(ISTEXT('February 2016'!#REF!),0,'February 2016'!#REF!)) -> #REF! | B12: =IF(ISBLANK('February 2016'!#REF!),"",IF(ISTEXT('February 2016'!#REF!),0,'February 2016'!#REF!)) -> #REF!
A13: =IF(ISBLANK('February 2016'!#REF!),"",IF(ISTEXT('February 2016'!#REF!),0,'February 2016'!#REF!)) -> #REF! | B13: =IF(ISBLANK('February 2016'!#REF!),"",IF(ISTEXT('February 2016'!#REF!),0,'February 2016'!#REF!)) -> #REF!
A14: =IF(ISBLANK('February 2016'!#REF!),"",IF(ISTEXT('February 2016'!#REF!),0,'February 2016'!#REF!)) -> #REF! | B14: =IF(ISBLANK('February 2016'!#REF!),"",IF(ISTEXT('February 2016'!#REF!),0,'February 2016'!#REF!)) -> #REF!
A15: =IF(ISBLANK('February 2016'!#REF!),"",IF(ISTEXT('February 2016'!#REF!),0,'February 2016'!#REF!)) -> #REF! | B15: =IF(ISBLANK('February 2016'!#REF!),"",IF(ISTEXT('February 2016'!#REF!),0,'February 2016'!#REF!)) -> #REF!
A16: =IF(ISBLANK('February 2016'!#REF!),"",IF(ISTEXT('February 2016'!#REF!),0,'February 2016'!#REF!)) -> #REF! | B16: =IF(ISBLANK('February 2016'!#REF!),"",IF(ISTEXT('February 2016'!#REF!),0,'February 2016'!#REF!)) -> #REF!
A17: =IF(ISBLANK('February 2016'!#REF!),"",IF(ISTEXT('February 2016'!#REF!),0,'February 2016'!#REF!)) -> #REF! | B17: =IF(ISBLANK('February 2016'!#REF!),"",IF(ISTEXT('February 2016'!#REF!),0,'February 2016'!#REF!)) -> #REF!
A18: =IF(ISBLANK('February 2016'!A5),"",IF(ISTEXT('February 2016'!A5),0,'February 2016'!A5)) | B18: =IF(ISBLANK('February 2016'!F5),"",IF(ISTEXT('February 2016'!F5),0,'February 2016'!F5)) -> -95.4
A19: =IF(ISBLANK('February 2016'!A6),"",IF(ISTEXT('February 2016'!A6),0,'February 2016'!A6)) | B19: =IF(ISBLANK('February 2016'!F6),"",IF(ISTEXT('February 2016'!F6),0,'February 2016'!F6)) -> 95.4
A20: =IF(ISBLANK('February 2016'!A10),"",IF(ISTEXT('February 2016'!A10),0,'February 2016'!A10)) -> 431906 | B20: =IF(ISBLANK('February 2016'!F10),"",IF(ISTEXT('February 2016'!F10),0,'February 2016'!F10)) -> 309.6
A21: =IF(ISBLANK('February 2016'!A14),"",IF(ISTEXT('February 2016'!A14),0,'February 2016'!A14)) -> 431907 | B21: =IF(ISBLANK('February 2016'!F14),"",IF(ISTEXT('February 2016'!F14),0,'February 2016'!F14)) -> 412.8
A22: =IF(ISBLANK('February 2016'!A15),"",IF(ISTEXT('February 2016'!A15),0,'February 2016'!A15)) -> 432728 | B22: =IF(ISBLANK('February 2016'!F15),"",IF(ISTEXT('February 2016'!F15),0,'February 2016'!F15)) -> 2914.5
A23: =IF(ISBLANK('February 2016'!A16),"",IF(ISTEXT('February 2016'!A16),0,'February 2016'!A16)) | B23: =IF(ISBLANK('February 2016'!F16),"",IF(ISTEXT('February 2016'!F16),0,'February 2016'!F16)) -> 472
A24: =IF(ISBLANK('February 2016'!A20),"",IF(ISTEXT('February 2016'!A20),0,'February 2016'!A20)) -> 432334 | B24: =IF(ISBLANK('February 2016'!F20),"",IF(ISTEXT('February 2016'!F20),0,'February 2016'!F20)) -> 3887
A25: =IF(ISBLANK('February 2016'!A21),"",IF(ISTEXT('February 2016'!A21),0,'February 2016'!A21)) | B25: =IF(ISBLANK('February 2016'!F21),"",IF(ISTEXT('February 2016'!F21),0,'February 2016'!F21))
A26: =IF(ISBLANK('February 2016'!#REF!),"",IF(ISTEXT('February 2016'!#REF!),0,'February 2016'!#REF!)) -> #REF! | B26: =IF(ISBLANK('February 2016'!#REF!),"",IF(ISTEXT('February 2016'!#REF!),0,'February 2016'!#REF!)) -> #REF!
A27: =IF(ISBLANK('February 2016'!#REF!),"",IF(ISTEXT('February 2016'!#REF!),0,'February 2016'!#REF!)) -> #REF! | B27: =IF(ISBLANK('February 2016'!#REF!),"",IF(ISTEXT('February 2016'!#REF!),0,'February 2016'!#REF!)) -> #REF!
A28: =IF(ISBLANK('February 2016'!#REF!),"",IF(ISTEXT('February 2016'!#REF!),0,'February 2016'!#REF!)) -> #REF! | B28: =IF(ISBLANK('February 2016'!#REF!),"",IF(ISTEXT('February 2016'!#REF!),0,'February 2016'!#REF!)) -> #REF!
A29: =IF(ISBLANK('February 2016'!A22),"",IF(ISTEXT('February 2016'!A22),0,'February 2016'!A22)) -> 432729 | B29: =IF(ISBLANK('February 2016'!F22),"",IF(ISTEXT('February 2016'!F22),0,'February 2016'!F22)) -> 158.5
A30: =IF(ISBLANK('February 2016'!A26),"",IF(ISTEXT('February 2016'!A26),0,'February 2016'!A26)) -> 431908 | B30: =IF(ISBLANK('February 2016'!F26),"",IF(ISTEXT('February 2016'!F26),0,'February 2016'!F26)) -> 391.92
A31: =IF(ISBLANK('February 2016'!A30),"",IF(ISTEXT('February 2016'!A30),0,'February 2016'!A30)) -> 432730 | B31: =IF(ISBLANK('February 2016'!F30),"",IF(ISTEXT('February 2016'!F30),0,'February 2016'!F30)) -> 90.98
A32: =IF(ISBLANK('February 2016'!A34),"",IF(ISTEXT('February 2016'!A34),0,'February 2016'!A34)) -> 431909 | B32: =IF(ISBLANK('February 2016'!F34),"",IF(ISTEXT('February 2016'!F34),0,'February 2016'!F34)) -> 1250
A33: =IF(ISBLANK('February 2016'!A35),"",IF(ISTEXT('February 2016'!A35),0,'February 2016'!A35)) | B33: =IF(ISBLANK('February 2016'!F35),"",IF(ISTEXT('February 2016'!F35),0,'February 2016'!F35))
A34: =IF(ISBLANK('February 2016'!A39),"",IF(ISTEXT('February 2016'!A39),0,'February 2016'!A39)) -> 432731 | B34: =IF(ISBLANK('February 2016'!F39),"",IF(ISTEXT('February 2016'!F39),0,'February 2016'!F39)) -> 450
A35: =IF(ISBLANK('February 2016'!A40),"",IF(ISTEXT('February 2016'!A40),0,'February 2016'!A40)) | B35: =IF(ISBLANK('February 2016'!F40),"",IF(ISTEXT('February 2016'!F40),0,'February 2016'!F40)) -> 550
A36: =IF(ISBLANK('February 2016'!A44),"",IF(ISTEXT('February 2016'!A44),0,'February 2016'!A44)) -> 432732 | B36: =IF(ISBLANK('February 2016'!F44),"",IF(ISTEXT('February 2016'!F44),0,'February 2016'!F44)) -> 30.3
A37: =IF(ISBLANK('February 2016'!A48),"",IF(ISTEXT('February 2016'!A48),0,'February 2016'!A48)) -> 432335 | B37: =IF(ISBLANK('February 2016'!F48),"",IF(ISTEXT('February 2016'!F48),0,'February 2016'!F48)) -> 280
A38: =IF(ISBLANK('February 2016'!A49),"",IF(ISTEXT('February 2016'!A49),0,'February 2016'!A49)) | B38: =IF(ISBLANK('February 2016'!F49),"",IF(ISTEXT('February 2016'!F49),0,'February 2016'!F49))
A39: =IF(ISBLANK('February 2016'!A53),"",IF(ISTEXT('February 2016'!A53),0,'February 2016'!A53)) -> 431910 | B39: =IF(ISBLANK('February 2016'!F53),"",IF(ISTEXT('February 2016'!F53),0,'February 2016'!F53)) -> 153
A40: =IF(ISBLANK('February 2016'!A54),"",IF(ISTEXT('February 2016'!A54),0,'February 2016'!A54)) -> 432336 | B40: =IF(ISBLANK('February 2016'!F54),"",IF(ISTEXT('February 2016'!F54),0,'February 2016'!F54)) -> 957
A41: =IF(ISBLANK('February 2016'!A55),"",IF(ISTEXT('February 2016'!A55),0,'February 2016'!A55)) | B41: =IF(ISBLANK('February 2016'!F55),"",IF(ISTEXT('February 2016'!F55),0,'February 2016'!F55))
A42: =IF(ISBLANK('February 2016'!#REF!),"",IF(ISTEXT('February 2016'!#REF!),0,'February 2016'!#REF!)) -> #REF! | B42: =IF(ISBLANK('February 2016'!#REF!),"",IF(ISTEXT('February 2016'!#REF!),0,'February 2016'!#REF!)) -> #REF!
A43: =IF(ISBLANK('February 2016'!A56),"",IF(ISTEXT('February 2016'!A56),0,'February 2016'!A56)) -> 432733 | B43: =IF(ISBLANK('February 2016'!F56),"",IF(ISTEXT('February 2016'!F56),0,'February 2016'!F56)) -> 3091.04
A44: =IF(ISBLANK('February 2016'!A57),"",IF(ISTEXT('February 2016'!A57),0,'February 2016'!A57)) | B44: =IF(ISBLANK('February 2016'!F57),"",IF(ISTEXT('February 2016'!F57),0,'February 2016'!F57)) -> 126
A45: =IF(ISBLANK('February 2016'!A58),"",IF(ISTEXT('February 2016'!A58),0,'February 2016'!A58)) | B45: =IF(ISBLANK('February 2016'!F58),"",IF(ISTEXT('February 2016'!F58),0,'February 2016'!F58))
A46: =IF(ISBLANK('February 2016'!A59),"",IF(ISTEXT('February 2016'!A59),0,'February 2016'!A59)) -> 432734 | B46: =IF(ISBLANK('February 2016'!F59),"",IF(ISTEXT('February 2016'!F59),0,'February 2016'!F59)) -> 4988.24
A47: =IF(ISBLANK('February 2016'!A63),"",IF(ISTEXT('February 2016'!A63),0,'February 2016'!A63)) -> 431911 | B47: =IF(ISBLANK('February 2016'!F63),"",IF(ISTEXT('February 2016'!F63),0,'February 2016'!F63)) -> 8.8
A48: =IF(ISBLANK('February 2016'!A64),"",IF(ISTEXT('February 2016'!A64),0,'February 2016'!A64)) -> 432735 | B48: =IF(ISBLANK('February 2016'!F64),"",IF(ISTEXT('February 2016'!F64),0,'February 2016'!F64)) -> 41.19
A49: =IF(ISBLANK('February 2016'!A68),"",IF(ISTEXT('February 2016'!A68),0,'February 2016'!A68)) -> 431912 | B49: =IF(ISBLANK('February 2016'!F68),"",IF(ISTEXT('February 2016'!F68),0,'February 2016'!F68)) -> 117.98
A50: =IF(ISBLANK('February 2016'!A69),"",IF(ISTEXT('February 2016'!A69),0,'February 2016'!A69)) | B50: =IF(ISBLANK('February 2016'!F69),"",IF(ISTEXT('February 2016'!F69),0,'February 2016'!F69)) -> 99.97
A51: =IF(ISBLANK('February 2016'!A70),"",IF(ISTEXT('February 2016'!A70),0,'February 2016'!A70)) -> 432337 | B51: =IF(ISBLANK('February 2016'!F70),"",IF(ISTEXT('February 2016'!F70),0,'February 2016'!F70)) -> 160.28
A52: =IF(ISBLANK('February 2016'!A71),"",IF(ISTEXT('February 2016'!A71),0,'February 2016'!A71)) | B52: =IF(ISBLANK('February 2016'!F71),"",IF(ISTEXT('February 2016'!F71),0,'February 2016'!F71))
A53: =IF(ISBLANK('February 2016'!A72),"",IF(ISTEXT('February 2016'!A72),0,'February 2016'!A72)) | B53: =IF(ISBLANK('February 2016'!F72),"",IF(ISTEXT('February 2016'!F72),0,'February 2016'!F72))
A54: =IF(ISBLANK('February 2016'!A73),"",IF(ISTEXT('February 2016'!A73),0,'February 2016'!A73)) -> 432736 | B54: =IF(ISBLANK('February 2016'!F73),"",IF(ISTEXT('February 2016'!F73),0,'February 2016'!F73)) -> 24.99
A55: =IF(ISBLANK('February 2016'!A77),"",IF(ISTEXT('February 2016'!A77),0,'February 2016'!A77)) -> 431913 | B55: =IF(ISBLANK('February 2016'!F77),"",IF(ISTEXT('February 2016'!F77),0,'February 2016'!F77)) -> 2909.57
A56: =IF(ISBLANK('February 2016'!A78),"",IF(ISTEXT('February 2016'!A78),0,'February 2016'!A78)) | B56: =IF(ISBLANK('February 2016'!F78),"",IF(ISTEXT('February 2016'!F78),0,'February 2016'!F78))
A57: =IF(ISBLANK('February 2016'!A79),"",IF(ISTEXT('February 2016'!A79),0,'February 2016'!A79)) | B57: =IF(ISBLANK('February 2016'!F79),"",IF(ISTEXT('February 2016'!F79),0,'February 2016'!F79)) -> 1131.15
A58: =IF(ISBLANK('February 2016'!A80),"",IF(ISTEXT('February 2016'!A80),0,'February 2016'!A80)) | B58: =IF(ISBLANK('February 2016'!F80),"",IF(ISTEXT('February 2016'!F80),0,'February 2016'!F80))
A59: =IF(ISBLANK('February 2016'!A81),"",IF(ISTEXT('February 2016'!A81),0,'February 2016'!A81)) | B59: =IF(ISBLANK('February 2016'!F81),"",IF(ISTEXT('February 2016'!F81),0,'February 2016'!F81)) -> 923.99
A60: =IF(ISBLANK('February 2016'!A82),"",IF(ISTEXT('February 2016'!A82),0,'February 2016'!A82)) | B60: =IF(ISBLANK('February 2016'!F82),"",IF(ISTEXT('February 2016'!F82),0,'February 2016'!F82))
A61: =IF(ISBLANK('February 2016'!A83),"",IF(ISTEXT('February 2016'!A83),0,'February 2016'!A83)) | B61: =IF(ISBLANK('February 2016'!F83),"",IF(ISTEXT('February 2016'!F83),0,'February 2016'!F83)) -> 77.83
A62: =IF(ISBLANK('February 2016'!A84),"",IF(ISTEXT('February 2016'!A84),0,'February 2016'!A84)) -> 432338 | B62: =IF(ISBLANK('February 2016'!F84),"",IF(ISTEXT('February 2016'!F84),0,'February 2016'!F84)) -> 3754.33
A63: =IF(ISBLANK('February 2016'!A85),"",IF(ISTEXT('February 2016'!A85),0,'February 2016'!A85)) | B63: =IF(ISBLANK('February 2016'!F85),"",IF(ISTEXT('February 2016'!F85),0,'February 2016'!F85))
A64: =IF(ISBLANK('February 2016'!A86),"",IF(ISTEXT('February 2016'!A86),0,'February 2016'!A86)) | B64: =IF(ISBLANK('February 2016'!F86),"",IF(ISTEXT('February 2016'!F86),0,'February 2016'!F86)) -> 1457.04
A65: =IF(ISBLANK('February 2016'!A87),"",IF(ISTEXT('February 2016'!A87),0,'February 2016'!A87)) | B65: =IF(ISBLANK('February 2016'!F87),"",IF(ISTEXT('February 2016'!F87),0,'February 2016'!F87))
A66: =IF(ISBLANK('February 2016'!A88),"",IF(ISTEXT('February 2016'!A88),0,'February 2016'!A88)) | B66: =IF(ISBLANK('February 2016'!F88),"",IF(ISTEXT('February 2016'!F88),0,'February 2016'!F88)) -> 547.75
... A73: =IF(ISBLANK('February 2016'!A95),"",IF(ISTEXT('February 2016'!A95),0,'February 2016'!A95)) | B73: =IF(ISBLANK('February 2016'!F95),"",IF(ISTEXT('February 2016'!F95),0,'February 2016'!F95))
A74: =IF(ISBLANK('February 2016'!A99),"",IF(ISTEXT('February 2016'!A99),0,'February 2016'!A99)) -> 431914 | B74: =IF(ISBLANK('February 2016'!F99),"",IF(ISTEXT('February 2016'!F99),0,'February 2016'!F99)) -> 1364.82
A75: =IF(ISBLANK('February 2016'!A103),"",IF(ISTEXT('February 2016'!A103),0,'February 2016'!A103)) -> 431915 | B75: =IF(ISBLANK('February 2016'!F103),"",IF(ISTEXT('February 2016'!F103),0,'February 2016'!F103)) -> 71
A76: =IF(ISBLANK('February 2016'!A104),"",IF(ISTEXT('February 2016'!A104),0,'February 2016'!A104)) -> 432738 | B76: =IF(ISBLANK('February 2016'!F104),"",IF(ISTEXT('February 2016'!F104),0,'February 2016'!F104)) -> 284
A77: =IF(ISBLANK('February 2016'!#REF!),"",IF(ISTEXT('February 2016'!#REF!),0,'February 2016'!#REF!)) -> #REF! | B77: =IF(ISBLANK('February 2016'!#REF!),"",IF(ISTEXT('February 2016'!#REF!),0,'February 2016'!#REF!)) -> #REF!
A78: =IF(ISBLANK('February 2016'!#REF!),"",IF(ISTEXT('February 2016'!#REF!),0,'February 2016'!#REF!)) -> #REF! | B78: =IF(ISBLANK('February 2016'!#REF!),"",IF(ISTEXT('February 2016'!#REF!),0,'February 2016'!#REF!)) -> #REF!
A79: =IF(ISBLANK('February 2016'!#REF!),"",IF(ISTEXT('February 2016'!#REF!),0,'February 2016'!#REF!)) -> #REF! | B79: =IF(ISBLANK('February 2016'!#REF!),"",IF(ISTEXT('February 2016'!#REF!),0,'February 2016'!#REF!)) -> #REF!
A80: =IF(ISBLANK('February 2016'!A108),"",IF(ISTEXT('February 2016'!A108),0,'February 2016'!A108)) -> 432712 | B80: =IF(ISBLANK('February 2016'!F108),"",IF(ISTEXT('February 2016'!F108),0,'February 2016'!F108)) -> 1332
A81: =IF(ISBLANK('February 2016'!A112),"",IF(ISTEXT('February 2016'!A112),0,'February 2016'!A112)) -> 432739 | B81: =IF(ISBLANK('February 2016'!F112),"",IF(ISTEXT('February 2016'!F112),0,'February 2016'!F112)) -> 125.48
A82: =IF(ISBLANK('February 2016'!A113),"",IF(ISTEXT('February 2016'!A113),0,'February 2016'!A113)) -> 432740 | B82: =IF(ISBLANK('February 2016'!F113),"",IF(ISTEXT('February 2016'!F113),0,'February 2016'!F113)) -> 30.97
A83: =IF(ISBLANK('February 2016'!A117),"",IF(ISTEXT('February 2016'!A117),0,'February 2016'!A117)) -> 432339 | B83: =IF(ISBLANK('February 2016'!F117),"",IF(ISTEXT('February 2016'!F117),0,'February 2016'!F117)) -> 395
A84: =IF(ISBLANK('February 2016'!A121),"",IF(ISTEXT('February 2016'!A121),0,'February 2016'!A121)) -> 431916 | B84: =IF(ISBLANK('February 2016'!F121),"",IF(ISTEXT('February 2016'!F121),0,'February 2016'!F121)) -> 39.64
A85: =IF(ISBLANK('February 2016'!A125),"",IF(ISTEXT('February 2016'!A125),0,'February 2016'!A125)) -> 431921 | B85: =IF(ISBLANK('February 2016'!F125),"",IF(ISTEXT('February 2016'!F125),0,'February 2016'!F125)) -> 355.72
A86: =IF(ISBLANK('February 2016'!#REF!),"",IF(ISTEXT('February 2016'!#REF!),0,'February 2016'!#REF!)) -> #REF! | B86: =IF(ISBLANK('February 2016'!#REF!),"",IF(ISTEXT('February 2016'!#REF!),0,'February 2016'!#REF!)) -> #REF!
A87: =IF(ISBLANK('February 2016'!A126),"",IF(ISTEXT('February 2016'!A126),0,'February 2016'!A126)) | B87: =IF(ISBLANK('February 2016'!F126),"",IF(ISTEXT('February 2016'!F126),0,'February 2016'!F126)) -> -28.99
A88: =IF(ISBLANK('February 2016'!A127),"",IF(ISTEXT('February 2016'!A127),0,'February 2016'!A127)) | B88: =IF(ISBLANK('February 2016'!F127),"",IF(ISTEXT('February 2016'!F127),0,'February 2016'!F127)) -> 1880.8
A89: =IF(ISBLANK('February 2016'!A128),"",IF(ISTEXT('February 2016'!A128),0,'February 2016'!A128)) | B89: =IF(ISBLANK('February 2016'!F128),"",IF(ISTEXT('February 2016'!F128),0,'February 2016'!F128)) -> 6940.65
A90: =IF(ISBLANK('February 2016'!#REF!),"",IF(ISTEXT('February 2016'!#REF!),0,'February 2016'!#REF!)) -> #REF! | B90: =IF(ISBLANK('February 2016'!#REF!),"",IF(ISTEXT('February 2016'!#REF!),0,'February 2016'!#REF!)) -> #REF!
A91: =IF(ISBLANK('February 2016'!#REF!),"",IF(ISTEXT('February 2016'!#REF!),0,'February 2016'!#REF!)) -> #REF! | B91: =IF(ISBLANK('February 2016'!#REF!),"",IF(ISTEXT('February 2016'!#REF!),0,'February 2016'!#REF!)) -> #REF!
A92: =IF(ISBLANK('February 2016'!#REF!),"",IF(ISTEXT('February 2016'!#REF!),0,'February 2016'!#REF!)) -> #REF! | B92: =IF(ISBLANK('February 2016'!#REF!),"",IF(ISTEXT('February 2016'!#REF!),0,'February 2016'!#REF!)) -> #REF!
A93: =IF(ISBLANK('February 2016'!A129),"",IF(ISTEXT('February 2016'!A129),0,'February 2016'!A129)) | B93: =IF(ISBLANK('February 2016'!F129),"",IF(ISTEXT('February 2016'!F129),0,'February 2016'!F129))
A94: =IF(ISBLANK('February 2016'!A130),"",IF(ISTEXT('February 2016'!A130),0,'February 2016'!A130)) | B94: =IF(ISBLANK('February 2016'!F130),"",IF(ISTEXT('February 2016'!F130),0,'February 2016'!F130))
A95: =IF(ISBLANK('February 2016'!A131),"",IF(ISTEXT('February 2016'!A131),0,'February 2016'!A131)) | B95: =IF(ISBLANK('February 2016'!F131),"",IF(ISTEXT('February 2016'!F131),0,'February 2016'!F131))
A96: =IF(ISBLANK('February 2016'!A132),"",IF(ISTEXT('February 2016'!A132),0,'February 2016'!A132)) | B96: =IF(ISBLANK('February 2016'!F132),"",IF(ISTEXT('February 2016'!F132),0,'February 2016'!F132))
A97: =IF(ISBLANK('February 2016'!A133),"",IF(ISTEXT('February 2016'!A133),0,'February 2016'!A133)) | B97: =IF(ISBLANK('February 2016'!F133),"",IF(ISTEXT('February 2016'!F133),0,'February 2016'!F133))
A98: =IF(ISBLANK('February 2016'!A134),"",IF(ISTEXT('February 2016'!A134),0,'February 2016'!A134)) | B98: =IF(ISBLANK('February 2016'!F134),"",IF(ISTEXT('February 2016'!F134),0,'February 2016'!F134))
A99: =IF(ISBLANK('February 2016'!#REF!),"",IF(ISTEXT('February 2016'!#REF!),0,'February 2016'!#REF!)) -> #REF! | B99: =IF(ISBLANK('February 2016'!#REF!),"",IF(ISTEXT('February 2016'!#REF!),0,'February 2016'!#REF!)) -> #REF!
A100: =IF(ISBLANK('February 2016'!#REF!),"",IF(ISTEXT('February 2016'!#REF!),0,'February 2016'!#REF!)) -> #REF! | B100: =IF(ISBLANK('February 2016'!#REF!),"",IF(ISTEXT('February 2016'!#REF!),0,'February 2016'!#REF!)) -> #REF!
A101: =IF(ISBLANK('February 2016'!A135),"",IF(ISTEXT('February 2016'!A135),0,'February 2016'!A135)) | B101: =IF(ISBLANK('February 2016'!F135),"",IF(ISTEXT('February 2016'!F135),0,'February 2016'!F135))
A102: =IF(ISBLANK('February 2016'!#REF!),"",IF(ISTEXT('February 2016'!#REF!),0,'February 2016'!#REF!)) -> #REF! | B102: =IF(ISBLANK('February 2016'!#REF!),"",IF(ISTEXT('February 2016'!#REF!),0,'February 2016'!#REF!)) -> #REF!
A103: =IF(ISBLANK('February 2016'!A136),"",IF(ISTEXT('February 2016'!A136),0,'February 2016'!A136)) | B103: =IF(ISBLANK('February 2016'!F136),"",IF(ISTEXT('February 2016'!F136),0,'February 2016'!F136))
A104: =IF(ISBLANK('February 2016'!A137),"",IF(ISTEXT('February 2016'!A137),0,'February 2016'!A137)) | B104: =IF(ISBLANK('February 2016'!F137),"",IF(ISTEXT('February 2016'!F137),0,'February 2016'!F137))
A105: =IF(ISBLANK('February 2016'!#REF!),"",IF(ISTEXT('February 2016'!#REF!),0,'February 2016'!#REF!)) -> #REF! | B105: =IF(ISBLANK('February 2016'!#REF!),"",IF(ISTEXT('February 2016'!#REF!),0,'February 2016'!#REF!)) -> #REF!
A106: =IF(ISBLANK('February 2016'!A138),"",IF(ISTEXT('February 2016'!A138),0,'February 2016'!A138)) | B106: =IF(ISBLANK('February 2016'!F138),"",IF(ISTEXT('February 2016'!F138),0,'February 2016'!F138))
...
